 Dungeon Crawl Stone Soup version 0.31-a0-489-g282fc92437 (webtiles) character file.

Game seed: 7300846224847515924

259 Ethylacetat the Chopper (level 6, -5/33 HPs)
             Began as a Vine Stalker Monk on Aug 7, 2023.
             Was an Elder of Uskayaw.
             Killed by divine providence
             ... invoked by an orc priest
              (8 damage)
             ... on level 4 of the Dungeon.
             The game lasted 00:03:49 (2098 turns).

Ethylacetat the Chopper (Vine Stalker Monk)         Turns: 2098, Time: 00:03:51

Health: -5/33      AC:  7    Str: 22    XL:     6   Next: 17%
Magic:  0/10       EV: 10    Int: 10    God:    Uskayaw [****..]
Gold:   155        SH:  6    Dex: 16    Spells: 9/9 levels left

rFire   . . .        a - +0 hand axe
rCold   . . .        g - +2 buckler
rNeg    . . .        i - +0 scale mail
rPois   .            (no helmet)
rElec   .            j - +0 cloak
rCorr   .            (no gloves)
SInv    .            (no boots)
Will    .....        (no amulet) Stlth
                     o - +6 ring of strength
HPRegen 1.05/turn    (no ring)
MPRegen 0.12/turn

%: guardian spirit
@: no status effects
A: fangs 2, regeneration 1, magic shield, antimagic bite, no potion heal 2
a: Renounce Religion, Stomp, Line Pass


You were on level 4 of the Dungeon.
You worshipped Uskayaw.
Uskayaw was noncommittal.
You visited 1 branch of the dungeon, and saw 4 of its levels.

You collected 155 gold pieces.

Inventory:

Hand Weapons
 a - a +0 hand axe (weapon)
Armour
 d - an orb of light
 g - a +2 buckler (worn)
 i - a +0 scale mail (worn)
 j - a +0 cloak (worn)
Jewellery
 o - a +6 ring of strength (left hand)
 r - a +6 ring of strength
Wands
 s - a wand of roots (9)
Scrolls
 e - 2 scrolls of amnesia {unknown}
 f - a scroll of teleportation {unknown}
 l - a scroll of torment {unknown}
 m - 2 scrolls of fear {unknown}
 n - a scroll of enchant weapon {unknown}
 p - a scroll of immolation {unknown}
 q - 2 scrolls of identify {unknown}
 t - a scroll of blinking {unknown}
Potions
 b - a potion of haste {unknown}
 c - 2 potions of ambrosia
 h - 2 potions of magic {unknown}
 k - 2 potions of heal wounds {unknown}


   Skills:
 + Level 3.7 Fighting
 + Level 4.2 Axes
 - Level 2.4 Dodging
 + Level 2.4 Spellcasting
 * Level 2.1 Invocations


You had 9 spell levels left.
You didn't know any spells.
Your spell library contained the following spells:

 Spells                   Type           Power      Damage    Failure   Level
 Summon Guardian Golem    Hex/Summ       1%         N/A       97%         3
 Orb of Destruction       Conj           0%         9d5       100%        7
 Spellforged Servitor     Conj/Summ      0%         N/A       100%        7


Dungeon Overview and Level Annotations

Branches:
Dungeon (4/15)
 Temple: D:4-7

Altars:
Ashenzari
Fedhas
Qazlal
Uskayaw


Innate Abilities, Weirdness & Mutations

You have extremely sharp teeth.
Your natural rate of healing is unusually fast.
When hurt, damage is shared between your health and your magic reserves.
Your bite disrupts and absorbs the magic of your enemies.
Potions cannot restore your health.


Message History

You wake up.
You hit the sleepcap.
You bite the sleepcap, but do no damage.
The sleepcap is almost destroyed.
You hit the orc. The orc barely misses you.
The sleepcap releases spores at you!
You hit the sleepcap.
The sleepcap is almost destroyed.
You closely miss the orc priest. You hit the orc. The orc barely misses you.
The sleepcap completely misses you.
The orc priest mumbles some strange prayers to Beogh against you.
Beogh smites you!
* * * LOW HITPOINT WARNING * * *
Okay, then.
You hit the sleepcap.
You destroy the sleepcap!
You hit the orc priest. You hit the orc but do no damage.
The orc priest casts a cantrip, but nothing happens.
The orc priest barely misses you.
Uskayaw will force your foes to helplessly watch your dance.
Uskayaw prepares the audience for your solo!
Your Invocations skill increases to level 2!
The helpless orc priest fails to defend itself.
You slash the orc priest! You bite the orc priest. You drain its power.
You feel invigorated.
The orc priest is almost dead.
The helpless orc fails to defend itself.
You slash the orc!
You kill the orc!
The orc priest is no longer paralysed. x2; The orc priest barely misses you.
Uskayaw will force your foes to share their pain.
Uskayaw links your audience in an emotional bond!
You barely miss the orc priest. Your bite misses the orc priest.
You hit the orc but do no damage. You closely miss the orc priest.
You block the orc's attack.
The orc priest hits you with a +0 hand axe.
* * * LOW HITPOINT WARNING * * *
The orc priest invokes the aid of Beogh against you.
Beogh smites you!
You die...

#.#....#...#.....## #..
###.#.####...####...###..
#.....#⌠.##+##.⌠...^..#..
#...............#...†....
#..(.#.###.......####..##..
#.##.#...........#...#.##..
# # #...+).._...+...#.....
#...#.......#...#..###
...###.#@......#####..#
.......ooo...... ....#
......#⌠..#+.#.⌠ .##.#
..... #.##...### .# ....
... ...# ... .... ...# ..
...?##'## . ...... ..
#.....


You could see 2 orc priests and an orc (pain bonded).

Vanquished Creatures
  A scorpion (D:4)
  An orc priest (D:3)
  A sleepcap (D:4)
  An orc wizard (D:3)
  Terence (D:3)
  3 adders
  4 orcs
  4 ball pythons
  7 endoplasms
  5 giant cockroaches
  6 hobgoblins
  4 jackals (D:1)
  8 kobolds
  3 quokkas
  7 bats
  3 frilled lizards
  6 goblins
  4 rats
69 creatures vanquished.

Notes
Turn   | Place    | Note
-------+----------+-------------------------------------------
     0 | D:1      | Ethylacetat the Vine Stalker Monk began the quest for the
                  | Orb.
     0 | D:1      | Reached XP level 1. HP: 11/11 MP: 2/2
   116 | D:1      | Reached XP level 2. HP: 16/16 MP: 3/3
   138 | D:1      | Reached skill level 3 in Axes
   526 | D:1      | Reached skill level 1 in Spellcasting
   548 | D:1      | Reached XP level 3. HP: 17/20 MP: 5/5
   740 | D:1      | Found a faded altar of an unknown god.
  1066 | D:2      | Gained mutation: Your natural rate of healing is unusually
                  | fast. [Vine Stalker growth]
  1066 | D:2      | Reached XP level 4. HP: 20/24 MP: 5/7
  1308 | D:3      | Noticed Terence
  1316 | D:3      | Killed Terence
  1526 | D:3      | Found a blossoming altar of Fedhas.
  1527 | D:3      | Found a hide-covered altar of Uskayaw.
  1529 | D:3      | Found a stormy altar of Qazlal.
  1569 | D:3      | Became a worshipper of Uskayaw the Reveller
  1569 | D:3      | Reached * piety under Uskayaw
  1636 | D:3      | Reached ** piety under Uskayaw
  1638 | D:3      | Reached *** piety under Uskayaw
  1647 | D:3      | Reached **** piety under Uskayaw
  1650 | D:3      | Reached skill level 4 in Axes
  1650 | D:3      | Reached skill level 1 in Invocations
  1650 | D:3      | Reached XP level 5. HP: 8/28 MP: 1/9
  2037 | D:4      | Reached XP level 6. HP: 33/33 MP: 10/10
  2052 | D:4      | Found a broken altar of Ashenzari.
  2098 | D:4      | Killed from afar by an orc priest

Illustrated notes

Levels and vault maps discovered:
D:1:      dpeg_arrival_refuge, layout_loops_ring,
          shapermc_ecumenical_altar_totnotflames
D:2:      layout_rooms, minmay_distorted
D:3:      layout_loops_ring, chequers_temple_overflow_statue_of_worship,
          kennysheep_boxes, uniq_terence
D:4:      layout_basic, kennysheep_mini, mainiacjoe_overflow_alcove_4,
          evilmike_ruin_ashenzari, uniq_menkaure

Skill      XL: |  1  2  3  4  5  6 |
---------------+-------------------+-----
Axes           | 3 4 |  4.2
Spellcasting   | 1 2 |  2.4
Fighting       | 3 |  3.7
Invocations    | 1 2 |  2.1
Dodging        | |  2.4

Action                     |  1- 3 |  4- 6 || total
---------------------------+-------+-------++-------
  Melee: Hand axe          |    99 |    68 ||   167
         Bite              |    25 |    20 ||    45
   Stab: Paralysed         |       |     4 ||     4
 Armour: Robe              |     2 |       ||     2
         Ring mail         |     8 |       ||     8
         Scale mail        |    27 |    26 ||    53
  Dodge: Dodged            |    51 |    27 ||    78
  Block: Buckler           |    13 |    19 ||    32

Table legend: (Time is in decaauts)
 A = Elapsed time spent in this place.
 B = Non-inter-level travel time spent in this place.
 C = Inter-level travel time spent in this place.
 D = Time resting spent in this place.
 E = Time spent auto-exploring this place.
 F = Levels seen in this place.
 G = Mean time per level.
                   A        B        C        D        E       F      G
               +--------+--------+--------+--------+--------+-----+--------+
         Total |   2121 |   2056 |     65 |      0 |   1562 |   4 |  530.2 |
       Dungeon |   2121 |   2056 |     65 |      0 |   1562 |   4 |  530.2 |
               +--------+--------+--------+--------+--------+-----+--------+

Top non-repeatable levels by time:
     D:1: 847 daAuts
     D:3: 740 daAuts
     D:2: 420 daAuts
     D:4: 113 daAuts
